 Dungeon Crawl Stone Soup version 0.23-a0-356-g1757c6e (webtiles) character file.

14358 Loudmushroom the Cleaver (level 12, -24/76 HPs)
             Began as a Gargoyle Fighter on Oct 20, 2018.
             Was a High Priest of Okawaru.
             Annihilated by Urug
             ... wielding a +5 long sword
              (27 damage)
             ... on level 2 of the Lair of Beasts on Oct 21, 2018.
             The game lasted 01:31:30 (16651 turns).

Loudmushroom the Cleaver (Gargoyle Fighter)        Turns: 16651, Time: 01:31:31

Health: -24/76     AC: 35    Str: 24    XL:     12   Next: 15%
Magic:  0/17       EV:  9    Int: 10    God:    Okawaru [*****.]
Gold:   654        SH: 13    Dex:  9    Spells: 11/11 levels left

rFire    + . .     SeeInvis .   a - +3 war axe
rCold    x . .     Gourm    .   c - +0 shield
rNeg     + . .     Faith    .   W - +0 plate armour
rPois    ∞         Spirit   +   t - +2 helmet
rElec    +         Reflect  .   X - +1 cloak {+Inv}
rCorr    .         Harm     .   (no gloves)
MR       .....                  g - +2 pair of boots
Stlth    ..........             I - amulet of guardian spirit
HPRegen  0.22/turn              v - ring of fire
MPRegen  0.15/turn              O - ring of stealth

@: heroism
A: negative energy resistance 1, electricity resistance, unbreathing,
petrification resistance, rot immunity, AC +8
a: Heroism, Finesse, Renounce Religion, Evoke Invisibility


You were on level 2 of the Lair of Beasts.
You worshipped Okawaru.
Okawaru was extremely pleased with you.
You were hungry.

You visited 3 branches of the dungeon, and saw 14 of its levels.
You also visited: Sewer and Ossuary.

You collected 654 gold pieces.

Inventory:

Hand Weapons
 a - a +3 war axe (weapon)
 b - a +0 hunting sling
 y - the +2 Maxwell's thermic engine {flame, freeze}
   (You found it on level 4 of the Dungeon)

   It has been specially enchanted to burn those struck by it, causing extra
   injury to most foes and up to half again as much damage against particularly
   susceptible opponents.
   Big, fiery blades are also staple armaments of hydra-hunters.
 H - the +6 shillelagh "Devastator" {shatter}
   (You found it in a sewer)
 N - a +2 flail of protection
 S - a +0 blowgun
Missiles
 j - 303 stones
 k - 138 bolts
 l - 72 sling bullets
 q - 4 tomahawks of dispersal
 B - 85 poisoned needles
 M - 4 poisoned tomahawks
 Z - 6 javelins (quivered)
Armour
 c - a +0 shield (worn)
 g - a +2 pair of boots (worn)
 o - a scarf of spirit shield
 t - a +2 helmet (worn)
 Q - a +0 chain mail of positive energy
 R - the +1 scale mail of Card Tricks {rElec rPois rC+ Int-2}
   (You found it on level 9 of the Dungeon)

   It affects your intelligence (-2).
   It protects you from cold.
   It insulates you from electricity.
   It protects you from poison.
 W - a +0 plate armour (worn)
 X - a +1 cloak of invisibility (worn)
 Y - a scarf of cloud immunity
Jewellery
 v - a ring of fire (left hand)
 I - an amulet of guardian spirit (around neck)
 O - a ring of stealth (right hand)
Wands
 s - a wand of paralysis (33)
 E - a wand of acid (25)
 J - a wand of polymorph (7)
 T - a wand of disintegration (12)
 U - a wand of iceblast (8)
Scrolls
 e - 4 scrolls of remove curse
 h - 2 scrolls of identify
 m - a scroll of blinking
 u - a scroll of fear
 x - 3 scrolls of magic mapping
 G - 5 scrolls of teleportation
 P - a scroll of fog
Potions
 d - 2 potions of might
 i - 2 potions of ambrosia {unknown}
 n - 3 potions of agility
 p - 7 potions of curing
 r - 3 potions of mutation {unknown}
 w - 4 potions of heal wounds
 z - a potion of berserk rage {unknown}
 A - 4 potions of lignification
 C - 2 potions of haste {unknown}
 D - 2 potions of degeneration {unknown}
 F - 2 potions of flight {unknown}
 L - 3 potions of brilliance
 V - a potion of magic
Comestibles
 f - 24 rations


   Skills:
 + Level 9.2(14.2) Fighting
 * Level 10.1(15.1) Axes
 + Level 9.2(14.2) Armour
 + Level 9.3(14.3) Shields
 + Level 4.5 Invocations
 + Level 7.0 Evocations


You had 11 spell levels left.
You didn't know any spells.
Your spell library contained the following spells:

 Spells                   Type           Power        Failure   Level  Hunger
 Animate Skeleton         Necr           N/A          98%         1    ##.....
 Apportation              Tloc           #.....       98%         1    ##.....
 Beastly Appendage        Tmut           #.....       98%         1    ##.....
 Confusing Touch          Hex            #.....       98%         1    ##.....
 Summon Small Mammal      Summ           #...         98%         1    ##.....
 Sticks to Snakes         Tmut           #.......     99%         2    ###....
 Spider Form              Tmut/Pois      #.........   100%        3    ####...
 Ice Form                 Ice/Tmut       #.......     100%        4    #####..
 Blade Hands              Tmut           #.........   100%        5    ######.


Dungeon Overview and Level Annotations

Branches:
Dungeon (10/15)            Temple (1/1) D:4            Lair (3/6) D:8
  Snake (0/4) Lair:2
  Swamp: Lair:2-4    Shoals: Lair:2-4       Orc: D:9-12

Altars:
Ashenzari
Cheibriados
Dithmenos
Elyvilon
Fedhas
Gozag
Hepliaklqana
Kikubaaqudgha
Makhleb
Nemelex Xobeh
Okawaru
Qazlal
Ru
Sif Muna
Trog
Uskayaw
Vehumet
Wu Jian
Xom
Yredelemnul
Zin
The Shining One

Shops:
D:7 :

Annotations:
D:3 Ijyb
D:5 2 transporters, heinrich's ghost, novice OpEE
Lair:2 Urug


Innate Abilities, Weirdness & Mutations

You are resistant to torment.
Your stone body is resilient. (AC +8)
You are immune to poison.
You resist negative energy. (rN+)
You are resistant to electric shocks. (rElec)
You can survive without breathing.
You are immune to petrification.
You are immune to rotting.


Message History

* * * LOW HITPOINT WARNING * * *
You slash Urug!
Urug is moderately wounded.
You closely miss Urug.
Urug is moderately wounded.
Urug hits you but does no damage.
You slice Urug!!
Urug is heavily wounded.
You block Urug's attack.
You hit Urug but do no damage.
Urug is heavily wounded.
You slash Urug!
Urug is severely wounded.
You block Urug's attack.
You hit Urug.
Urug is severely wounded.
You closely miss Urug.
Urug is severely wounded.
Urug hits you with a +5 long sword!!
You die...

## #..........(.# P##
#..##........# ..#
#.....#......## ..#
####.#####......P#
.####PP≈.≈P♣##......P#
..##..≈≈..♣P≈#......##
...#.♣♣♣.♣♣PP#......#
.P##.≈♣...♣≈≈#..o...#
........>.......@...#
...#♣≈♣...♣.≈#......##
...#♣≈♣♣.♣♣.≈#.......#
...#.♣♣P.PP≈.#..(...##
..P##♣...≈♣.##..(....#
..P# ###.####........#
..## #..##..........#
#.## ##.............#
#..# ###.#.####...##


You could see Urug.

Vanquished Creatures
  A hydra (Lair:2)
  Nergalle (Lair:2)
  Pikel (D:5)
  A cyclops (D:9)
  Maurice (D:9)
  2 spiny frogs
  A komodo dragon (Lair:1)
  A troll (D:9)
  A polar bear (Lair:2)
  2 blink frogs (Lair:1)
  Prince Ribbit (D:6)
  3 hippogriffs
  Sigmund (D:5)
  14 yaks
  4 hogs (D:8)
  A human (D:8)
  2 basilisks (Lair:2)
  Menkaure (D:6)
  A naga (Lair:2)
  2 wargs
  Duvessa (D:6)
  5 water moccasins
  3 porcupines
  4 ice beasts
  2 orc warriors
  2 slaves (D:5)
  3 sky beasts
  2 necrophages
  2 phantoms
  6 ogres
  3 centaurs
  2 big kobolds
  4 crocodiles
  2 bullfrogs
  Dowan (D:6)
  A wyvern skeleton (D:8)
  2 scorpions
  4 wights (D:7)
  3 electric eels (Lair:2)
  4 bullfrog zombies
  2 crimson imps
  4 centaur zombies
  A quasit (D:6)
  2 orc priests
  A hound (D:4)
  5 jellies
  A gnoll shaman (D:5)
  4 orc wizards
  4 iguanas
  5 worker ants
  3 killer bee zombies (Ossuary)
  16 mummies (Ossuary)
  A howler monkey zombie (Ossuary)
  5 worker ant zombies
  12 adders
  7 gnolls
  A howler monkey skeleton (D:10)
  4 river rats (Sewer)
  13 oozes
  2 worms
  3 dart slugs
  7 leopard geckos
  25 orcs
  9 bats
  4 giant cockroaches
  5 goblins
  10 hobgoblins
  8 jackals
  5 quokkas
  4 ball pythons (Sewer)
  10 frilled lizards
  A jackal skeleton (D:6)
  32 kobolds
  A leopard gecko zombie (D:5)
  A quokka zombie (Ossuary)
  14 rats
  3 fungi
  2 plants (Lair:2)
335 creatures vanquished.

Vanquished Creatures (others)
  A slave (D:6)
  2 orc priests (D:6)
  2 orcs (D:6)
  A jackal (D:6)
  8 fungi
  10 plants (Lair:2)
  3 toadstools (D:3)
  2 withered plants (Ossuary)
29 creatures vanquished.

Grand Total: 364 creatures vanquished

Notes
Turn   | Place    | Note
-------+----------+-------------------------------------------
     0 | D:1      | Loudmushroom the Gargoyle Fighter began the quest for the
                  | Orb.
     0 | D:1      | Reached XP level 1. HP: 14/14 MP: 1/1
   313 | D:1      | Reached XP level 2. HP: 19/19 MP: 2/2
   318 | D:1      | Reached skill level 2 in Axes
   761 | D:1      | Reached XP level 3. HP: 22/23 MP: 3/3
  1708 | D:2      | Found a burning altar of Makhleb.
  1749 | D:2      | Reached XP level 4. HP: 29/29 MP: 4/4
  1750 | D:2      | Upgraded the game from 0.23-a0-350-g6fd5563 to
                  | 0.23-a0-356-g1757c6e
  2218 | D:2      | Found a hazy altar of Hepliaklqana.
  2545 | D:3      | Reached XP level 5. HP: 14/33 MP: 2/5
  2761 | D:3      | Found an ornate altar of the Wu Jian Council.
  2761 | D:3      | Noticed Ijyb
  2932 | D:3      | Reached skill level 1 in Evocations
  3361 | D:3      | Reached skill level 3 in Axes
  3361 | D:3      | Reached XP level 6. HP: 38/39 MP: 5/7
  3930 | D:4      | Found the +2 Maxwell's thermic engine {flame, freeze}
  4060 | D:4      | Found a hide-covered altar of Uskayaw.
  4116 | D:4      | Found a glowing drain.
  4137 | Sewer    | Entered a sewer
  4387 | Sewer    | Found the +6 shillelagh "Devastator" {shatter}
  4723 | D:4      | Reached skill level 5 in Shields
  4723 | D:4      | Reached XP level 7. HP: 25/44 MP: 4/8
  4921 | D:4      | Found a staircase to the Ecumenical Temple.
  5010 | Temple   | Entered the Ecumenical Temple
  5351 | D:5      | Entered Level 5 of the Dungeon
  5413 | D:5      | Reached skill level 5 in Fighting
  5413 | D:5      | Reached skill level 5 in Armour
  5466 | D:5      | Reached skill level 4 in Axes
  5730 | D:5      | Found a transporter.
  5752 | D:5      | Reached XP level 8. HP: 38/49 MP: 7/10
  5841 | D:5      | Found a sand-covered staircase.
  5850 | Ossuary  | Entered an ossuary
  6139 | Ossuary  | Reached skill level 5 in Axes
  6883 | D:5      | Noticed heinrich's ghost (novice OpEE)
  6903 | D:5      | Found a transporter.
  7198 | D:5      | Found an ancient bone altar of Kikubaaqudgha.
  7201 | D:5      | Found a sacrificial altar of Ru.
  7206 | D:5      | Found a glowing golden altar of the Shining One.
  7209 | D:5      | Found a radiant altar of Vehumet.
  7376 | D:5      | Noticed Sigmund
  7412 | D:5      | Killed Sigmund
  7530 | D:6      | Noticed Pikel
  7580 | D:5      | Killed Pikel
  7580 | D:5      | Reached skill level 6 in Axes
  7580 | D:5      | Reached XP level 9. HP: 39/56 MP: 7/12
  7855 | D:6      | Noticed Duvessa
  7911 | D:6      | Killed Duvessa
  7951 | D:6      | Noticed Dowan
  7965 | D:6      | Killed Dowan
  8141 | D:6      | Noticed Prince Ribbit
  8194 | D:6      | Killed Prince Ribbit
  8274 | D:6      | Found an iron altar of Okawaru.
  8281 | D:6      | Became a worshipper of Warmaster Okawaru
  8342 | D:6      | Noticed Menkaure
  8353 | D:6      | Killed Menkaure
  8800 | D:7      | Reached skill level 7 in Axes
  8805 | D:7      | Reached * piety under Okawaru
  8922 | D:6      | Reached XP level 10. HP: 48/63 MP: 9/13
  9009 | D:6      | Reached skill level 5 in Evocations
  9321 | D:7      | Found a sparkling altar of Nemelex Xobeh.
  9346 | D:7      | Found Iptimeas's Book Shoppe.
  9781 | D:7      | Reached ** piety under Okawaru
  9942 | D:7      | Found a white marble altar of Elyvilon.
 10360 | D:8      | Found a staircase to the Lair.
 10805 | D:8      | Reached skill level 8 in Axes
 10911 | D:8      | Reached *** piety under Okawaru
 11616 | D:9      | Got a fine scale mail
 11627 | D:9      | Identified the +1 scale mail of Card Tricks {rElec rPois
                  | rC+ Int-2} (You found it on level 9 of the Dungeon)
 11695 | D:9      | Reached skill level 1 in Invocations
 11890 | D:9      | Noticed Maurice
 12155 | D:9      | Noticed a cyclops
 12168 | D:9      | Killed a cyclops
 12168 | D:9      | Reached XP level 11. HP: 18/68 MP: 3/15
 12561 | D:9      | Killed Maurice
 12876 | D:10     | Entered Level 10 of the Dungeon
 13024 | D:10     | Reached **** piety under Okawaru
 13446 | D:10     | Reached skill level 9 in Axes
 13706 | Lair:1   | Entered Level 1 of the Lair of Beasts
 14353 | Lair:1   | Identified a scroll of acquirement
 15036 | Lair:2   | Reached ***** piety under Okawaru
 15137 | Lair:2   | Noticed a five-headed hydra
 15151 | Lair:2   | Killed a three-headed hydra
 15850 | Lair:2   | Found a staircase to the Snake Pit.
 15925 | Lair:2   | Noticed Nergalle
 15950 | Lair:2   | Killed Nergalle
 15950 | Lair:2   | Received a gift from Okawaru
 15950 | Lair:2   | Reached XP level 12. HP: 74/76 MP: 15/17
 16083 | Lair:2   | Reached skill level 10 in Axes
 16574 | Lair:2   | Noticed Urug
 16578 | Lair:2   | You fall through a shaft!
 16641 | Lair:2   | HP: 2/76 [Urug/+5 long sword (19)]
 16651 | Lair:2   | Annihilated by Urug

Vault maps used:
D:1:      evilmike_arrival_sounds_zot
D:2:      lemuel_doored_altar, old_standard_altar, serial_bayou,
          serial_bayou_pond_c, serial_bayou_pond_e, serial_bayou_lagoon_a,
          serial_bayou_shore_b, serial_bayou_crossing
D:3:      cheibrodos_fertilizer, nicolae_overflow_hidden_temple, uniq_ijyb
D:4:      old_standard_altar, temple_statues, first_ration,
          cheibrodos_sewer_entry_bend
D:5:      grunt_temple_overflow_cloverleaf, nicolae_ossuary_entry_monument,
          gammafunk_ghost_smash, uniq_sigmund
D:6:      old_standard_altar, uniq_pikel, uniq_menkaure, uniq_prince_ribbit1,
          uniq_duvessa
D:7:      old_standard_altar, kennysheep_mini, serial_shops, shop,
          nicolae_underground_beach
D:8:      erik_lair_orcish_takeover, grunt_livestock, minmay_unpleasant_kobolds
D:9:      uniq_maurice
Temple:   minmay_temple_curvy_loop
Lair:2:   guppyfry_snake_entry_garden, serial_bayou, serial_bayou_pond_b,
          serial_bayou_pond_b, serial_bayou_pond_c, serial_bayou_ford_a,
          serial_bayou_shore_b, uniq_nergalle, uniq_urug
Lair:3:   zaba_anthell
Sewer:    sewer_co_cracked_pipes
Ossuary:  ossuary_zaba_flooded

Skill      XL: |  1  2  3  4  5  6  7  8  9 10 11 12 |
---------------+-------------------------------------+-----
Axes           | 2 3 4 6 7 8 9 10 | 10.1
Shields        | 4 5 6 7 8 9 |  9.3
Fighting       | 4 5 6 7 8 9 |  9.2
Armour         | 4 5 6 7 8 9 |  9.2
Evocations     | 1 2 4 5 6 7 |  7.0
Invocations    | 1 4 |  4.5

Action                   |  1- 3 |  4- 6 |  7- 9 | 10-12 || total
-------------------------+-------+-------+-------+-------++-------
Melee: War axe           |   156 |   315 |   414 |   760 ||  1645
       Double sword      |       |       |       |     2 ||     2
 Fire: Hunting sling     |       |       |     2 |     9 ||    11
Invok: Heroism           |       |       |       |     5 ||     5
  Use: Scroll            |       |       |    16 |    14 ||    30
  Eat: Chunk             |     3 |     3 |     8 |    15 ||    29
       Ration            |       |     2 |     2 |     3 ||     7
Armor: Scale mail        |   120 |   201 |   219 |     4 ||   544
       Chain mail        |       |       |       |   245 ||   245
       Plate armour      |       |       |       |   213 ||   213
Dodge: Dodged            |    62 |   117 |   125 |   150 ||   454
Block: Shield            |   110 |   195 |   235 |   402 ||   942

Table legend:
 A = Non-vault XP
 B = Vault XP
 C = Vault XP percentage of total XP
 D = Non-vault monster count
 E = Vault monster count
 F = Vault count percentage of total count
                 A         B        C        D         E       F
            +---------+---------+-------+---------+---------+-------
      Total |   14696 |    5816 |  28.4 |     229 |      99 |  30.2
            +---------+---------+-------+---------+---------+-------
        D:1 |      54 |       0 |   0.0 |      30 |       0 |   0.0
        D:2 |      65 |       0 |   0.0 |      20 |       0 |   0.0
        D:3 |     152 |     161 |  51.4 |      22 |      20 |  47.6
        D:4 |     283 |       6 |   2.1 |       5 |       1 |  16.7
        D:5 |     478 |     829 |  63.4 |      22 |       2 |   8.3
        D:6 |     730 |     655 |  47.3 |      17 |       4 |  19.0
        D:7 |    1584 |     331 |  17.3 |      22 |       4 |  15.4
        D:8 |     837 |    1155 |  58.0 |      18 |      13 |  41.9
        D:9 |    1128 |     485 |  30.1 |      18 |       1 |   5.3
       D:10 |    1183 |       0 |   0.0 |      17 |       0 |   0.0
     Lair:1 |    3365 |       0 |   0.0 |      16 |       0 |   0.0
     Lair:2 |    4837 |    1275 |  20.9 |      22 |       4 |  15.4
      Sewer |       0 |      83 | 100.0 |       0 |      20 | 100.0
    Ossuary |       0 |     836 | 100.0 |       0 |      30 | 100.0
            +---------+---------+-------+---------+---------+-------
